 Dungeon Crawl Stone Soup version 0.27-a0-562-g0d39f094a4 (webtiles) character file.

Game seed: 11100922419436545566

52 porpoise the Skirmisher (level 3, -4/34 HPs)
             Began as a Minotaur Delver on Mar 9, 2021.
             Slain by a worm (7 damage)
             ... on level 2 of the Dungeon.
             The game lasted 00:04:37 (1361 turns).

porpoise the Skirmisher (Minotaur Delver)           Turns: 1361, Time: 00:04:37

Health: -4/34      AC:  3    Str: 17    XL:     3   Next: 60%
Magic:  2/2        EV: 11    Int:  7    God:
Gold:   104        SH:  0    Dex: 11    Spells: 2/2 levels left

rFire    . . .     SeeInvis .   a - +0 mace
rCold    . . .     Faith    .   (no shield)
rNeg     . . .     Spirit   .   b - +0 leather armour
rPois    .         Reflect  .   (helmet restricted)
rElec    .         Harm     .   (no cloak)
rCorr    .         Rampage  .   (no gloves)
Will     +....                  (no boots)
Stlth    ++........             (no amulet)
HPRegen  0.11/turn              n - ring of willpower
MPRegen  0.08/turn              (no ring)

@: lethally poisoned (-4 -> -5)
A: horns 2, retaliatory headbutt
a: no special abilities


You were on level 2 of the Dungeon.
You visited 1 branch of the dungeon, and saw 5 of its levels.

You collected 104 gold pieces.

Inventory:

Hand Weapons
 a - a +0 mace (weapon)
Missiles
 h - 39 stones (quivered)
 q - 37 sling bullets
Armour
 b - a +0 leather armour (worn)
Jewellery
 m - a ring of magical power
 n - a ring of willpower (left hand)
Wands
 g - a wand of digging (3)
Scrolls
 c - a scroll of fog
 d - a scroll of magic mapping
 e - a scroll of fear
 j - 2 scrolls of identify {unknown}
 k - a scroll of amnesia {unknown}
 l - a scroll of enchant armour {unknown}
 o - a scroll of blinking {unknown}
Potions
 f - 3 potions of haste
 i - a potion of cancellation {unknown}
 p - a potion of curing {unknown}
 r - a potion of mutation {unknown}
 s - a potion of heal wounds {unknown}
 t - a potion of attraction {unknown}


   Skills:
 + Level 4.5 Fighting
 + Level 3.6 Maces & Flails
 - Level 1.3 Armour
 - Level 2.1 Dodging
 - Level 4.1 Stealth


You had 2 spell levels left.
You didn't know any spells.
Your spell library was empty.

Dungeon Overview and Level Annotations

Branches:
Dungeon (5/15)
 Temple: D:4-7

Altars:

Annotations:
D:5 2 transporters


Innate Abilities, Weirdness & Mutations

You have a pair of horns on your head.
You reflexively headbutt those who attack you in melee.


Message History

You are poisoned.
The adder poisons you! The adder closely misses you. You furiously retaliate!
You headbutt the adder!
You kill the adder!
You feel sick.
You feel sick.
You feel sick.
You feel sick.
You hit the worm. Your headbutt misses the worm.
The worm is lightly wounded.
The worm bites you.
You hit the worm.
The worm is moderately wounded.
You hit the worm.
The worm is heavily wounded.
You feel sick. The worm bites you but does no damage.
Your leather armour prevents you from hitting the worm.
The worm is heavily wounded.
The worm barely misses you.
You hit the worm.
The worm is heavily wounded.
The worm closely misses you.
You hit the worm but do no damage. Your headbutt misses the worm.
The worm is heavily wounded.
You feel sick. The worm bites you!
You are too injured to fight recklessly!
Unknown command.
You hit the worm.
The worm is heavily wounded.
You hit the worm but do no damage.
The worm is heavily wounded.
The worm bites you but does no damage.
You hit the worm.
The worm is severely wounded.
You feel sick. The worm bites you!
* * * LOW HITPOINT WARNING * * *
You barely miss the worm.
The worm is heavily wounded.
The worm bites you!
You die...

#...#
.#####...#####
.............##
..............
.......#.#.#
#........#
#.#w.#.#.#
#..†@....#
#......#.#
#.#..###.#
......# #.#
........# #.#
####.#### #.#
#. #.#
#.######.#
#........#


You could see a worm.

Vanquished Creatures
  A gnoll (D:3)
  An adder (D:2)
  3 dart slugs (D:1)
  3 giant cockroaches (D:1)
  4 goblins
  3 hobgoblins
  2 jackals (D:3)
  A quokka (D:3)
  A ball python (D:3)
  3 frilled lizards
  5 kobolds
27 creatures vanquished.

Notes
Turn   | Place    | Note
-------+----------+-------------------------------------------
     0 | D:5      | porpoise the Minotaur Delver began the quest for the Orb.
     0 | D:5      | Reached XP level 1. HP: 19/19 MP: 0/0
     1 | D:5      | Found a transporter.
     2 | D:5      | Noticed a red ugly thing
     3 | D:5      | Noticed an ice beast
     3 | D:5      | Noticed a centaur
   207 | D:3      | Reached XP level 2. HP: 19/27 MP: 1/1
   604 | D:1      | Reached skill level 1 in Armour
   619 | D:1      | Reached XP level 3. HP: 16/34 MP: 2/2
  1361 | D:2      | Slain by a worm

Illustrated notes

Levels and vault maps discovered:
D:1:      scummos_arrival_simple_fountains, layout_rooms,
          amcnicky_mini_rare_corridor_liquid
D:2:      layout_basic, nicolae_qazlal_eye_of_the_storm,
          chequers_serial_rivers_small_a
D:3:      layout_loops_cross, nicolae_overflow_hidden_temple
D:4:      layout_loops_corners, serial_glass, glass_columns_a, glass_columns_a,
          tgw_kikubaaqudgha, uniq_blork_the_orc
D:5:      kennysheep_big_flooded_room, layout_layer_cave,
          gammafunk_temple_overflow_arena, kennysheep_little_box,
          lemuel_crystal_altar

Skill      XL: |  1  2 |
---------------+-------+-----
Fighting       | 4 |  4.5
Maces & Flails | 3 |  3.6
Armour         | 1 |  1.3
Dodging        | |  2.1
Stealth        | |  4.1

Action                   || total
-------------------------++-------
Melee: Mace              ||    71
       Headbutt          ||     6
 Stab: Sleeping          ||     1
Armor: Leather armour    ||    15
Dodge: Dodged            ||    26

Table legend: (Time is in decaauts)
 A = Elapsed time spent in this place.
 B = Non-inter-level travel time spent in this place.
 C = Inter-level travel time spent in this place.
 D = Time resting spent in this place.
 E = Time spent auto-exploring this place.
 F = Levels seen in this place.
 G = Mean time per level.
                   A        B        C        D        E       F      G
               +--------+--------+--------+--------+--------+-----+--------+
         Total |   1378 |   1346 |     32 |    596 |    256 |   5 |  275.6 |
       Dungeon |   1378 |   1346 |     32 |    596 |    256 |   5 |  275.6 |
               +--------+--------+--------+--------+--------+-----+--------+

Top non-repeatable levels by time:
     D:1: 691 daAuts
     D:3: 387 daAuts
     D:4: 175 daAuts
     D:2: 118 daAuts
     D:5: 7 daAuts
